cohdb
Replays
Latest Replays
All Replays
Popular Replays
Top Player Replays
Match Explorer
How It Works
Community
CoH3 Stats
Reddit
Sign in to upload your games and track your stats! →
Sign in with Steam
Match 44670069
Unlisted
Match 44670069
Overview
Messages
Build Orders
End
Selects Australian Defense Battlegroup
Selects Australian Light Infantry Section
Australian Light Infantry Section
Construct Section Command Post
Dingo Light Scout Car
Australian Light Infantry Section
Australian Light Infantry Section
Construct Platoon Command Post
Humber Armored Car
Selects 2-pounder Anti-tank Gun Team
2-pounder Anti-tank Gun Team
Construct Field Infirmary
Infantry Training
Vickers Machine Gun Team
Selects Vehicle Over Repair
Unlock M3 Stuart Light Tanks
DibbeTC
Voron_
0
0
Comments
sign in to comment!
No comments posted yet!